 Dungeon Crawl Stone Soup version 0.25-a0-447-gff83419037 (console) character file.

Game seed: 6991646972431293395, levelgen mode: deterministic

4432 Kagalorn the Covert (level 10, 0/57 HPs)
             Began as a Vampire Assassin on Jan 31, 2020.
             Slain by Psyche
             ... wielding a +1 dagger of chaos
              (5 damage)
             ... while petrified by Psyche
             ... on level 8 of the Dungeon.
             The game lasted 00:30:44 (7883 turns).

Kagalorn the Covert (Vampire Assassin)              Turns: 7883, Time: 00:30:45

Health: 0/57       AC:  8    Str: 10    XL:     10   Next: 14%
Magic:  11/11      EV:  2    Int: 15    God:
Gold:   426        SH:  0    Dex: 17    Spells: 9/9 levels left

rFire    . . .     SeeInvis +   a - +3 dagger
rCold    + + .     Gourm    .   (no shield)
rNeg     + + +     Faith    .   b - +0 robe
rPois    ∞         Spirit   .   r - +2 helmet
rElec    .         Reflect  .   D - +2 ratskin cloak {+Rats rPois rN+ Str-1 Int-1 Dex+1}
rCorr    .         Harm     .   (no gloves)
MR       +....                  (no boots)
Stlth    +++++++...             l - amulet of rage
HPRegen  0.00/turn              c - +2 ring of slaying
MPRegen  0.12/turn              v - ring of poison resistance

@: petrified, marked, very slightly contaminated, bloodless
A: no food, fangs 3, see invisible, [frail 1], unbreathing
a: Bat Form, Revivify, Evoke Ratskin, Evoke Berserk Rage


You were on level 8 of the Dungeon.
You were bloodless.

You visited 2 branches of the dungeon, and saw 9 of its levels.

You collected 535 gold pieces.
You spent 109 gold pieces at shops.

Inventory:

Hand Weapons
 a - a +3 dagger (weapon)
 o - a cursed -3 whip
Armour
 b - a +0 robe (worn)
 r - a +2 helmet (worn)
 D - the +2 ratskin cloak (worn) {+Rats rPois rN+ Str-1 Int-1 Dex+1}
   (You found it on level 7 of the Dungeon)

   It affects your strength (-1).
   It affects your intelligence (-1).
   It affects your dexterity (+1).
   It protects you from poison.
   It protects you from negative energy.
   If you remove this armour, your AC will fall 3 points (8 -> 5)
Jewellery
 c - a +2 ring of slaying (left hand)
 j - an uncursed ring of fire
 l - an amulet of rage (around neck)
 v - a ring of poison resistance (right hand)
Wands
 C - a wand of iceblast (6)
Scrolls
 e - a scroll of vulnerability {unknown}
 g - 2 scrolls of teleportation
 n - 5 scrolls of remove curse
 q - 2 scrolls of enchant weapon
 s - 2 scrolls of enchant armour
 t - a scroll of blinking
 y - 2 scrolls of amnesia
 z - 2 scrolls of fear
 A - a scroll of identify
 B - a scroll of fog {unknown}
Potions
 h - a potion of resistance
 i - 2 potions of ambrosia
 k - 8 potions of curing
 m - a potion of might
 p - 2 potions of lignification {unknown}
 u - 2 potions of haste
 x - a potion of heal wounds


   Skills:
 * Level 8.7 Fighting
 - Level 10.0 Short Blades
 - Level 1.5 Throwing
 - Level 1.1 Dodging
 - Level 12.0 Stealth
 - Level 2.0 Evocations


You had 9 spell levels left.
You didn't know any spells.
Your spell library was empty.

Dungeon Overview and Level Annotations

Branches:
Dungeon (8/15)             Temple (1/1) D:5
   Lair: D:8-11

Altars:
Ashenzari
Cheibriados
Dithmenos
Elyvilon
Fedhas
Gozag
Hepliaklqana
Makhleb
Nemelex Xobeh
Okawaru
Qazlal
Ru
Trog
Uskayaw
Wu Jian
Xom
Yredelemnul
Zin

Shops:
D:4 (:=(?

Annotations:
D:8 exclusion: Maggie, Maurice, Psyche


Innate Abilities, Weirdness & Mutations

You do not eat.
You do not regenerate when monsters are visible.
You are frail without blood (-20% HP).
You can heal yourself when you bite living creatures.
You are immune to poison.
You have razor-sharp teeth.
You have supernaturally acute eyesight. (SInv)
You can survive without breathing.
[You are frail. (-10% HP)]


Message History

The orc priest invokes the aid of Beogh against you.
Beogh smites you!
* * * LOW HITPOINT WARNING * * *
Psyche hits you but does no damage.
You are slowing down.
Blink to where?
Press: ? - help, Dir - move target cursor You are very lightly contaminated with residual magic.
As you read the scroll of blinking, it crumbles to dust.
Your limbs are stiffening.
Your surroundings suddenly seem different.
You have turned to stone.
Psyche casts a cantrip, but nothing happens.
Psyche casts a spell at you. The puff of frost hits you. You resist.
Psyche laughs secretively.
Psyche hits you with a +1 dagger of chaos!
* * * LOW HITPOINT WARNING * * *
You convulse!
You die...

#.......#
.......# #.
.....# #. #...#
#. #...+ #.
##+##...#
#.##.......#
#..#.....<.#
#.#.(.@@?.#
#..#F######
###########)#.#
..............#
.#.#.#.#.#.#..#
...)..........###
...⌠.....⌠..(...#
......_.........#
...⌠...[.⌠......#


You could see Psyche and a bullfrog.

Vanquished Creatures
  A two-headed ogre (D:8)
  Maggie (D:8)
  A yak (D:7)
  A human (D:7)
  3 hogs (D:7)
  Edmund (D:5)
  An orc warrior (D:7)
  2 ice beasts
  2 sky beasts
  A necrophage (D:8)
  3 ogres
  3 centaurs
  2 bullfrogs
  4 scorpions
  5 killer bees (D:6)
  3 howler monkeys
  2 centaur zombies
  5 crimson imps
  2 bullfrog zombies
  A jelly (D:7)
  2 orc priests (D:3)
  5 orc wizards
  A hell rat (D:7)
  3 worker ants
  A killer bee zombie (D:6)
  A hound zombie (D:7)
  2 hound skeletons
  Robin (D:2)
  2 worker ant zombies
  3 gnolls (D:7)
  6 adders
  6 river rats (D:7)
  5 shadow imps
  An ooze (D:1)
  A worm (D:2)
  4 dart slugs
  7 leopard geckos
  15 orcs
  7 bats
  6 giant cockroaches
  19 goblins
  11 hobgoblins
  11 jackals
  3 quokkas
  A ball python (D:1)
  11 frilled lizards
  A jackal zombie (D:5)
  10 kobolds
  A leopard gecko skeleton (D:7)
  A leopard gecko zombie (D:6)
  2 quokka skeletons
  29 rats
223 creatures vanquished.

Notes
Turn   | Place    | Note
-------+----------+-------------------------------------------
     0 | D:1      | Kagalorn the Vampire Assassin began the quest for the Orb.
     0 | D:1      | Reached XP level 1. HP: 16/16 MP: 1/1
    81 | D:1      | Reached skill level 6 in Stealth
   144 | D:1      | Reached XP level 2. HP: 22/22 MP: 2/2
   292 | D:1      | You fall into a shaft and drop 1 floor!
   293 | D:2      | Noticed Robin
   337 | D:2      | Reached skill level 7 in Stealth
   349 | D:2      | Reached XP level 3. HP: 22/27 MP: 3/3
   661 | D:1      | Reached skill level 8 in Stealth
   889 | D:2      | Reached XP level 4. HP: 29/33 MP: 4/4
  1463 | D:2      | Noticed a moth of wrath
  1466 | D:2      | Found a bloodstained altar of Trog.
  1730 | D:2      | Killed Robin
  2089 | D:3      | Found a shadowy altar of Dithmenos.
  2090 | D:3      | Found a glowing silver altar of Zin.
  2251 | D:3      | Reached XP level 5. HP: 38/38 MP: 5/5
  2447 | D:3      | Reached skill level 9 in Stealth
  2911 | D:3      | Reached XP level 6. HP: 37/44 MP: 6/6
  3261 | D:4      | Found Pyny's Book Shoppe.
  3261 | D:4      | Found Hemib's Jewellery Emporium.
  3347 | D:4      | Reached skill level 5 in Short Blades
  3438 | D:4      | Found Xeel's Magic Scroll Shop.
  3442 | D:4      | Bought a scroll of fear for 38 gold pieces
  3442 | D:4      | Bought a scroll of remove curse for 33 gold pieces
  3442 | D:4      | Bought a scroll of immolation for 38 gold pieces
  3609 | D:4      | Found Qigrivus's Weapon Shoppe.
  3731 | D:4      | Found Ufag's Weapon Shop.
  3893 | D:4      | Found a sacrificial altar of Ru.
  4024 | D:5      | Entered Level 5 of the Dungeon
  4084 | D:5      | Reached skill level 10 in Stealth
  4208 | D:5      | Found a snail-covered altar of Cheibriados.
  4250 | D:5      | Reached XP level 7. HP: 49/49 MP: 7/7
  4288 | D:5      | Noticed Edmund
  4334 | D:5      | Killed Edmund
  4446 | D:5      | Found a staircase to the Ecumenical Temple.
  4454 | Temple   | Entered the Ecumenical Temple
  5240 | D:6      | Reached skill level 1 in Evocations
  5240 | D:6      | Reached XP level 8. HP: 52/55 MP: 7/9
  5839 | D:6      | Reached skill level 11 in Stealth
  6053 | D:7      | Reached skill level 12 in Stealth
  6053 | D:7      | Reached XP level 9. HP: 54/63 MP: 10/10
  6156 | D:7      | Reached skill level 10 in Short Blades
  6253 | D:7      | Found a shattered altar of Ashenzari.
  6649 | D:6      | Reached skill level 5 in Fighting
  6845 | D:7      | Found the +2 ratskin cloak {+Rats rPois rN+ Str-1 Int-1
                  | Dex+1}
  7178 | D:8      | Noticed Maggie
  7258 | D:8      | Noticed a two-headed ogre
  7260 | D:8      | Killed a two-headed ogre
  7262 | D:8      | Found a white marble altar of Elyvilon.
  7486 | D:8      | Noticed Maurice
  7745 | D:8      | Reached XP level 10. HP: 54/64 MP: 11/11
  7853 | D:8      | Killed Maggie
  7868 | D:8      | Noticed Psyche
  7883 | D:8      | Slain by Psyche

Levels and vault maps discovered:
D:1:      lemuel_arrival_rhombus, layout_basic, minmay_statues_item,
          minmay_lizard_king
D:2:      layout_basic, serial_glass, glass_columns_a, glass_columns_c,
          minmay_strange_pillars, due_unseen_surprise, tgw_trog, uniq_robin
D:3:      layout_basic, gammafunk_temple_overflow_pools
D:4:      layout_basic, hangedman_ru_absence, serial_shops, shop, shop_statue,
          kennysheep_little_box, shop, shop, minmay_misc_feat_alley,
          dk_rats_in_the_wall
D:5:      layout_basic, kennysheep_slug_shrine, minmay_temple_entry_ruins,
          first_ration, uniq_edmund
D:6:      layout_basic
D:7:      wander_guarded_unrand_ratskin, layout_rooms, grunt_livestock,
          evilmike_ruin_ashenzari
D:8:      layout_basic, elyvilon_altar_5, uniq_psyche, uniq_maurice, uniq_maggie
Temple:   minmay_temple_bridge_abc

Skill      XL: |  1  2  3  4  5  6  7  8  9 |
---------------+----------------------------+-----
Stealth        | 6 7 8 9 10 12 | 12.0
Short Blades   | 3 4 6 8 9 10 | 10.0
Evocations     | 1 2 |  2.0
Fighting       | 3 8 |  8.7
Throwing       | |  1.5
Dodging        | |  1.1

Action                   |  1- 3 |  4- 6 |  7- 9 | 10-12 || total
-------------------------+-------+-------+-------+-------++-------
Melee: Dagger            |    91 |   322 |   548 |    14 ||   975
       Bite              |     5 |    32 |    73 |       ||   110
Throw: Dart              |     2 |    36 |    37 |     1 ||    76
 Abil: Evoke Berserk Rag |       |       |     4 |       ||     4
       Exsanguinate      |       |       |     1 |     1 ||     2
       Revivify          |       |       |       |     1 ||     1
Evoke: Wand              |       |       |       |     6 ||     6
  Use: Scroll            |     2 |     6 |     5 |     3 ||    16
       Potion            |       |       |     2 |       ||     2
 Stab: Sleeping          |    17 |    14 |    22 |     1 ||    54
       Distracted        |       |       |     1 |     1 ||     2
Armor: Robe              |     8 |    85 |   107 |     2 ||   202
Dodge: Dodged            |    38 |   147 |   220 |     6 ||   411

Table legend:
 A = Non-vault XP
 B = Vault XP
 C = Vault XP percentage of total XP
 D = Non-vault monster count
 E = Vault monster count
 F = Vault count percentage of total count
                 A         B        C        D         E       F
            +---------+---------+-------+---------+---------+-------
      Total |    4612 |    1720 |  27.2 |     168 |      55 |  24.7
            +---------+---------+-------+---------+---------+-------
        D:1 |      54 |      20 |  27.0 |      27 |      13 |  32.5
        D:2 |      65 |      37 |  36.3 |      24 |      13 |  35.1
        D:3 |     310 |       0 |   0.0 |      38 |       0 |   0.0
        D:4 |      44 |       0 |   0.0 |       6 |       0 |   0.0
        D:5 |     466 |     158 |  25.3 |       9 |       2 |  18.2
        D:6 |     930 |       0 |   0.0 |      21 |       0 |   0.0
        D:7 |    1095 |    1096 |  50.0 |      26 |      26 |  50.0
        D:8 |    1648 |     409 |  19.9 |      17 |       1 |   5.6
            +---------+---------+-------+---------+---------+-------
